 Dungeon Crawl Stone Soup version 0.20-a0-1014-g171fa7a (webtiles) character file.

12619 Magifyre the Severer (level 12, -3/86 HPs)
             Began as a Formicid Fighter on Apr 15, 2017.
             Was a Priest of the Shining One.
             Slain by a ten-headed hydra (6 damage)
             ... on level 11 of the Dungeon.
             The game lasted 00:39:27 (9215 turns).

Magifyre the Severer (Formicid Fighter)             Turns: 9215, Time: 00:39:28

Health: -3/86      AC: 16    Str: 26    XL:     12   Next: 22%
Magic:  15/15      EV:  7    Int:  9    God:    the Shining One [***...]
Gold:   547        SH: 11    Dex: 17    Spells: 11/11 levels left

rFire    + . .     SeeInvis +   B - +2 battleaxe (elec)
rCold    . . .     Gourm    +   c - +0 shield
rNeg     + + .     Faith    .   O - +0 shadow dragon scales
rPois    .         Spirit   .   (helmet unavailable)
rElec    .         Reflect  .   j - +2 cloak "Aracol" {*Corrode rN+ Str+5 Dex+3}
rCorr    .         Harm     .   (no gloves)
MR       +....                  g - +1 pair of boots
Stlth    +.........             p - amulet of the gourmand
Regen    0.3/turn               m - +3 ring of protection
MPRegen  0.2/turn               C - ring of protection from fire

@: corroded, glowing
A: permanent stasis, dig shafts and tunnels, four strong arms, antennae 3
a: Dig, Shaft Self, Divine Shield, Renounce Religion


You were on level 11 of the Dungeon.
You worshipped the Shining One.
The Shining One was most pleased with you.
You were completely stuffed.

You visited 2 branches of the dungeon, and saw 12 of its levels.
You also visited: Ossuary.

You collected 547 gold pieces.

Inventory:

Hand Weapons
 A - a +2 war axe of venom
 B - a +2 battleaxe of electrocution (weapon)
 E - the +4 hunting sling of the Several Lovers {venom, MR- Str+2 SInv}
   (You found it on level 4 of the Dungeon)

   It poisons the ammo it fires.
   It affects your strength (+2).
   It affects your resistance to hostile enchantments.
   It lets you see invisible.
Missiles
 s - 3 throwing nets (quivered)
 F - 297 stones
 G - 73 sling bullets
 R - 17 tomahawks
Armour
 c - a +0 shield (worn)
 g - a +1 pair of boots (worn)
 j - the +2 cloak "Aracol" (worn) {*Corrode rN+ Str+5 Dex+3}
   (You found it on level 10 of the Dungeon)

   It affects your strength (+5).
   It affects your dexterity (+3).
   It protects you from negative energy.
   It may corrode you when you take damage.
 O - +0 shadow dragon scales (worn)
Jewellery
 m - a +3 ring of protection (left hand)
 p - an amulet of the gourmand (around neck)
 C - a ring of protection from fire (right hand)
Wands
 u - a wand of polymorph (14/24)
 P - a wand of confusion (17/48)
 S - a wand of flame (33/48)
Scrolls
 a - 2 scrolls of magic mapping {unknown}
 b - 6 scrolls of remove curse
 e - 3 scrolls of immolation {unknown}
 k - 5 scrolls of teleportation {unknown}
 n - a scroll of identify
 o - 6 scrolls of amnesia {unknown}
 t - a scroll of recharging {unknown}
 v - 4 scrolls of enchant armour {unknown}
 w - 3 scrolls of fear {unknown}
 y - 3 scrolls of random uselessness {unknown}
 H - 4 scrolls of enchant weapon {unknown}
 I - 3 scrolls of noise {unknown}
 K - 3 scrolls of fog {unknown}
 Q - a scroll of acquirement {unknown}
 U - a scroll of blinking {unknown}
Potions
 d - 2 potions of might
 h - 3 potions of curing
 q - 3 potions of cancellation
 x - 4 potions of flight
 D - a potion of resistance
 J - 2 potions of agility
 L - 2 potions of heal wounds
Books
 i - a book of Enchantments

   Spells                             Type                      Level
   a - Cause Fear                     Hexes                        4
   b - Yara's Violent Unravelling     Hexes/Transmutation          5
   c - Silence                        Hexes/Air                    5
   d - Deflect Missiles               Charms/Air                   6
   e - Discord                        Hexes                        8
Comestibles
 f - 11 bread rations
 l - 7 meat rations
 r - 2 royal jellies
 z - 6 fruits
 M - 31 chunks of flesh


   Skills:
 + Level 5.3 Fighting
 + Level 16.3 Axes
 + Level 5.2 Armour
 + Level 5.6 Shields
 + Level 4.1 Invocations


You had 11 spell levels left.
You didn't know any spells.

Dungeon Overview and Level Annotations

Branches:
Dungeon (11/15)            Temple (1/1) D:7            Lair (0/6) D:8
    Orc: D:9-12

Altars:
Ashenzari
Cheibriados
Dithmenos
Elyvilon
Fedhas
Gozag
Hepliaklqana
Kikubaaqudgha
Makhleb
Nemelex Xobeh
Okawaru
Qazlal
Ru
Sif Muna
Trog
Uskayaw
Vehumet
Wu Jian
Xom
Yredelemnul
Zin
The Shining One

Shops:
D:9 [   D:10 *   D:11 ?

Annotations:
D:5 1 runed door


Innate Abilities, Weirdness & Mutations

You cannot be hasted, slowed, berserked, paralysed or teleported.
You can dig through walls and to a lower floor.
Your four strong arms can wield two-handed weapons with a shield.
You have a pair of large antennae on your head. (SInv)


Message History

The nine-headed hydra bites you.
* * * LOW HITPOINT WARNING * * *
You block the nine-headed hydra's attack.
The nine-headed hydra bites you.
* * * LOW HITPOINT WARNING * * *
Your corrosive artefact corrodes you!
The nine-headed hydra bites you but does no damage.
The nine-headed hydra bites you.
* * * LOW HITPOINT WARNING * * *
You chop one of the nine-headed hydra's heads off!
The eight-headed hydra grows two more!
You slice the ten-headed hydra!!
The ten-headed hydra is severely wounded.
The ten-headed hydra bites you.
* * * LOW HITPOINT WARNING * * *
The ten-headed hydra bites you but does no damage. x2
You block the ten-headed hydra's attack.
The ten-headed hydra bites you.
* * * LOW HITPOINT WARNING * * *
The ten-headed hydra bites you.
You die...

#############
............#
............# #########
............####........
.......∩....'.##........
......D@....#.##........
............#.##........
............#..#........
............##.'........
################........
##'####.. #.).....
##...... #..(_..


You could see a ten-headed hydra.

Vanquished Creatures
  A centaur warrior (D:10)
  2 two-headed ogres
  The ghost of tijit the Thaumaturge, a novice DENe of Sif Muna (D:9)
  An ugly thing (D:11)
  Psyche (D:8)
  A hornet (D:11)
  3 hippogriffs
  A spriggan (D:7)
  A wraith (D:11)
  A vampire (D:11)
  A wyvern (D:8)
  6 yaks
  A steam dragon (D:11)
  2 water moccasins
  3 porcupines (D:8)
  5 orc warriors
  An ice beast (D:8)
  10 ogres
  2 sky beasts
  A black bear (D:8)
  2 necrophages
  5 centaurs
  A crocodile (D:9)
  4 phantoms
  3 big kobolds
  5 bullfrogs
  5 scorpions
  4 wights (D:11)
  11 killer bees
  2 centaur zombies (Ossuary)
  6 howler monkeys
  4 bullfrog zombies (Ossuary)
  A quasit (D:9)
  7 crimson imps
  6 hounds
  2 bullfrog skeletons
  7 orc priests
  2 jellies
  A centaur skeleton (D:8)
  An iguana (D:9)
  14 worker ants
  7 orc wizards
  2 killer bee zombies
  A hound zombie (Ossuary)
  14 mummies
  8 worker ant zombies
  15 adders
  6 gnolls
  A howler monkey skeleton (D:7)
  4 shadow imps
  An ooze (D:3)
  5 adder zombies (Ossuary)
  5 worms
  2 adder skeletons (D:9)
  A dart slug (D:1)
  6 leopard geckos
  37 orcs
  8 bats
  12 giant cockroaches
  5 goblins
  4 hobgoblins
  5 quokkas
  A ball python (D:4)
  2 frilled lizards
  A goblin zombie (D:6)
  A hobgoblin zombie (D:6)
  A jackal skeleton (D:9)
  A jackal zombie (Ossuary)
  23 kobolds
  A leopard gecko skeleton (D:7)
  2 leopard gecko zombies
  3 quokka zombies
  5 rats
  A butterfly (D:5)
329 creatures vanquished.

Vanquished Creatures (others)
  23 fungi (D:8)
  7 plants (D:8)
30 creatures vanquished.

Grand Total: 359 creatures vanquished

Notes
Turn   | Place    | Note
-------+----------+-------------------------------------------
     0 | D:1      | Magifyre the Formicid Fighter began the quest for the Orb.
     0 | D:1      | Reached XP level 1. HP: 18/18 MP: 1/1
   125 | D:1      | Reached XP level 2. HP: 15/24 MP: 2/2
   764 | D:2      | Reached skill level 3 in Axes
   798 | D:2      | Reached XP level 3. HP: 29/29 MP: 3/3
   880 | D:2      | Reached skill level 4 in Axes
   880 | D:2      | Reached XP level 4. HP: 10/35 MP: 4/4
  1658 | D:2      | Found an iron altar of Okawaru.
  1658 | D:2      | Found a sacrificial altar of Ru.
  1659 | D:2      | Found a sparkling altar of Nemelex Xobeh.
  1832 | D:3      | Found a snail-covered altar of Cheibriados.
  1879 | D:3      | Found a faded altar of an unknown god.
  1957 | D:3      | Reached XP level 5. HP: 40/41 MP: 5/5
  2008 | D:3      | Reached skill level 5 in Axes
  2196 | D:4      | Reached XP level 6. HP: 44/47 MP: 6/6
  2304 | D:4      | Reached skill level 6 in Axes
  2553 | D:4      | Got a slimy hunting sling
  2554 | D:4      | Identified the +4 hunting sling of the Several Lovers {venom, MR- Str+2 SInv} (You found it on level 4 of the Dungeon)
  2772 | D:5      | Entered Level 5 of the Dungeon
  2849 | D:5      | Noticed a necrophage
  2861 | D:5      | Killed a necrophage
  2861 | D:5      | Reached skill level 7 in Axes
  2861 | D:5      | Reached XP level 7. HP: 49/52 MP: 7/7
  3043 | D:5      | Reached skill level 8 in Axes
  3070 | D:5      | Reached XP level 8. HP: 53/58 MP: 8/8
  3176 | D:5      | Found a runed door.
  3194 | D:5      | Found a runed door.
  3542 | D:5      | Reached skill level 9 in Axes
  3649 | D:6      | Reached skill level 10 in Axes
  3916 | D:6      | Reached XP level 9. HP: 24/64 MP: 9/9
  4198 | D:6      | Found a shadowy altar of Dithmenos.
  4252 | D:6      | Found a sand-covered staircase.
  4259 | Ossuary  | Entered an ossuary
  4386 | Ossuary  | Reached skill level 11 in Axes
  4944 | D:7      | Reached skill level 12 in Axes
  5177 | D:7      | Found a staircase to the Ecumenical Temple.
  5233 | Temple   | Entered the Ecumenical Temple
  5299 | Temple   | Became a worshipper of the Shining One
  5715 | D:7      | Reached XP level 10. HP: 53/70 MP: 10/10
  5831 | D:7      | Found a hide-covered altar of Uskayaw.
  5883 | D:7      | Reached skill level 13 in Axes
  6139 | D:8      | Reached * piety under the Shining One
  6214 | D:8      | Noticed a two-headed ogre
  6221 | D:8      | Killed a two-headed ogre
  6266 | D:8      | Reached skill level 14 in Axes
  6274 | D:8      | Noticed Psyche
  6282 | D:8      | Killed Psyche
  6536 | D:8      | Reached XP level 11. HP: 65/75 MP: 11/11
  6551 | D:8      | Reached skill level 15 in Axes
  6565 | D:8      | Found a staircase to the Lair.
  7068 | D:9      | Reached ** piety under the Shining One
  7253 | D:9      | Noticed tijit's ghost (novice DENe)
  7288 | D:9      | Killed tijit's ghost
  7481 | D:9      | Found Kubeze's Antique Armour Boutique.
  7736 | D:9      | Found a blossoming altar of Fedhas.
  7803 | D:9      | Reached skill level 16 in Axes
  8001 | D:10     | Entered Level 10 of the Dungeon
  8136 | D:10     | Found a hazy altar of Hepliaklqana.
  8200 | D:10     | Reached skill level 1 in Invocations
  8481 | D:10     | Noticed a centaur warrior
  8488 | D:10     | Killed a centaur warrior
  8660 | D:10     | Got a bloodstained cloak
  8666 | D:10     | Identified the +2 cloak "Aracol" {*Corrode rN+ Str+5 Dex+3} (You found it on level 10 of the Dungeon)
  8675 | D:10     | Noticed a two-headed ogre
  8682 | D:10     | Killed a two-headed ogre
  8902 | D:10     | Found Zoff's Island Escapes.
  8974 | D:11     | Reached skill level 5 in Shields
  8982 | D:11     | Reached XP level 12. HP: 70/85 MP: 14/14
  8999 | D:11     | Reached *** piety under the Shining One
  8999 | D:11     | Reached skill level 5 in Fighting
  9122 | D:11     | Found a sparkling altar of Nemelex Xobeh.
  9131 | D:11     | Reached skill level 5 in Armour
  9190 | D:11     | Found Viogiw's Magic Scroll Emporium.
  9200 | D:11     | Noticed a seven-headed hydra
  9215 | D:11     | HP: 3/86 [ten-headed hydra (4)]
  9215 | D:11     | Slain by a ten-headed hydra

Vault maps used:
D:1:      lightli_arrival_lavapool
D:2:      gammafunk_temple_overflow_claw
D:3:      old_standard_altar, chequers_ecumenical_altar_twisty
D:4:      first_bread
D:5:      lemuel_insect_pit, kennysheep_generic_room_3
D:6:      nicolae_ossuary_entry_giza, nrook_mini_vaults,
          nicolae_dithmenos_through_a_glass_darkly
D:7:      kennysheep_mini_moat, minmay_temple_entry_large_hall, the_bakery,
          corexii_corridor_pit
D:8:      due_lair_maze_entry_diamond, kennysheep_generic_room_4, uniq_psyche
D:9:      lemuel_round_altar, serial_shops, shop_fountains
D:10:     minmay_cornered_nines, basic_altar, roderic_lattice_a,
          nicolae_island_escapes
D:11:     hiddenorc1_lemuel, serial_shops, shop, basic_altar, uniq_josephine
Temple:   nicolae_temple_elliptical
Ossuary:  ossuary_zaba_flooded

Skill      XL: |  1  2  3  4  5  6  7  8  9 10 11 12 |
---------------+-------------------------------------+-----
Axes           | 3 4 5 7 8 10 12 14 16 | 16.3
Invocations    | 3 4 |  4.1
Shields        | 5 |  5.6
Fighting       | 4 5 |  5.3
Armour         | 4 5 |  5.2

Action                   |  1- 3 |  4- 6 |  7- 9 | 10-12 || total
-------------------------+-------+-------+-------+-------++-------
Melee: War axe           |    71 |   191 |   384 |   386 ||  1032
       Battleaxe         |       |       |       |    21 ||    21
Invok: Divine Shield     |       |       |       |     1 ||     1
Evoke: Wand              |       |       |       |     5 ||     5
  Use: Scroll            |       |       |    10 |     5 ||    15
       Potion            |       |       |       |     2 ||     2
  Eat: Chunk             |       |    16 |    12 |    11 ||    39
Armor: Scale mail        |    36 |    21 |       |       ||    57
       Chain mail        |       |    76 |   130 |       ||   206
       Shadow dragon sca |       |       |    27 |   184 ||   211
Dodge: Dodged            |    19 |    48 |    51 |    71 ||   189
Block: Shield            |    54 |    93 |   134 |   178 ||   459
